 Dungeon Crawl Stone Soup version 0.29.1-4-g47bece8355 (webtiles) character file.

Game seed: 1677124053587027744

52 AarnesTheHuman the Shooter (level 4, -2/35 HPs)
             Began as a Formicid Hunter on Dec 9, 2022.
             Slain by Terence
             ... wielding a +0 flail
              (7 damage)
             ... on level 2 of the Dungeon.
             The game lasted 00:01:22 (1011 turns).

AarnesTheHuman the Shooter (Formicid Hunter)        Turns: 1011, Time: 00:01:23

Health: -2/35      AC:  3    Str: 15    XL:     4   Next: 8%
Magic:  4/4        EV: 12    Int:  9    God:
Gold:   74         SH:  0    Dex: 19    Spells: 3/3 levels left

rFire   . . .      SeeInvis +   a - +0 shortbow
rCold   . . .      Faith    .   (no shield)
rNeg    . . .      Spirit   .   c - +0 leather armour
rPois   .          Reflect  .   (helmet unavailable)
rElec   .          Harm     .   (no cloak)
rCorr   .          Rampage  .   (no gloves)
Will    .....                   (no boots)
Stlth   ++........              (no amulet)
HPRegen 0.11/turn               (no ring)
MPRegen 0.09/turn               (no ring)

@: no status effects
A: permanent stasis, dig shafts and tunnels, antennae 3, four strong arms
a: Dig, Shaft Self


You were on level 2 of the Dungeon.
You visited 1 branch of the dungeon, and saw 2 of its levels.

You collected 74 gold pieces.

Inventory:

Hand Weapons
 a - a +0 shortbow (weapon)
Missiles
 f - 4 poisoned darts
 m - 4 atropa-tipped darts
Armour
 c - a +0 leather armour (worn)
Scrolls
 b - a scroll of immolation
 d - 2 scrolls of magic mapping {unknown}
 g - a scroll of enchant weapon {unknown}
 h - 2 scrolls of identify {unknown}
 i - a scroll of silence {unknown}
 l - a scroll of enchant armour {unknown}
 n - a scroll of poison {unknown}
 o - a scroll of amnesia {unknown}
Potions
 e - a potion of berserk rage {unknown}
 j - a potion of haste {unknown}
 k - a potion of ambrosia {unknown}
 p - a potion of lignification {unknown}


   Skills:
 + Level 3.4 Fighting
 + Level 4.7 Ranged Weapons
 - Level 1.7 Dodging
 - Level 1.2 Stealth


You had 3 spell levels left.
You didn't know any spells.
Your spell library contained the following spells:

 Spells                   Type           Power      Damage    Failure   Level
 Inner Flame              Hex/Fire       0%         N/A       83%         3
 Cause Fear               Hex            0%         N/A       99%         4
 Discord                  Hex            0%         N/A       100%        8


Dungeon Overview and Level Annotations

Branches:
Dungeon (2/15)

Altars:
Kikubaaqudgha

Annotations:
D:2 Terence


Innate Abilities, Weirdness & Mutations

You cannot be hasted, slowed, berserked, paralysed or teleported.
You can dig through walls and to a lower floor.
You have a pair of large antennae on your head. (SInv)
Your four strong arms can wield two-handed weapons with a shield.


Message History

Terence is moderately wounded.
Terence hits you with a +0 flail!
You shoot an arrow. The arrow barely misses Terence.
Terence hits you with a +0 flail! Terence barely misses you.
Unknown command.
You are too injured to fight recklessly!
You are too injured to fight recklessly!
Non-targeted abil: Dig
Press: ? - help, Q - select action, (/) - cycle Dir - look around, f - activate You extend your mandibles.
Unknown command.
Non-targeted abil: Dig
Press: ? - help, Q - select action, (/) - cycle Dir - look around, f - activate
Okay, then.
Throw: 5 darts (atropa)
Press: ? - help, Shift-Dir - straight line, f - Terence
Aim: Terence, wielding a +0 flail and wearing a +0 scale mail (moderately wounded, 65% to hit, chance to blind on hit: 100%)
You throw an atropa-tipped dart. The atropa-tipped dart hits Terence.
Terence appears confused.
Terence is moderately wounded.
Fire: a) +0 shortbow
Press: ? - help, Q - select action, (/) - cycle Shift-Dir - straight line, f/p - Terence
Aim: Terence, wielding a +0 flail and wearing a +0 scale mail (moderately wounded, confused, blind, 84% to hit)
You shoot an arrow. The arrow barely misses Terence.
Terence seems less confused.
Fire: a) +0 shortbow
Press: ? - help, Q - select action, (/) - cycle Shift-Dir - straight line, f/p - Terence
Aim: Terence, wielding a +0 flail and wearing a +0 scale mail (moderately wounded, blind, 68% to hit)
You shoot an arrow. The arrow closely misses Terence.
Terence barely misses you.
Throw: 5 darts (poison)
Press: ? - help, Shift-Dir - straight line, f/p - Terence
Aim: Terence, wielding a +0 flail and wearing a +0 scale mail (moderately wounded, blind, 65% to hit)
You throw a poisoned dart. The poisoned dart hits Terence.
Terence is poisoned.
Terence is moderately wounded.
Terence hits you with a +0 flail!
* * * LOW HITPOINT WARNING * * *
You retract your mandibles.
Terence is no longer blind.
Terence attacks as you move away! Terence hits you with a +0 flail!
You die...

#.# #.# #.# #.#
#.#########.# #
#.##........# #(#
#.##........# #..†
#####.##........# .....
+.....##........#
......#####.##........#
......(.@@...+.>......#
......#####.##......†.#
.#+#+ #.##....†...#
#.###'#####.#
.######.###.#####.#
..................#
#########.###.#######
..........#.....
.#########......### ##


You could see Terence (poisoned).

Vanquished Creatures
  A gnoll (D:1)
  2 adders (D:2)
  A dart slug (D:2)
  5 ball pythons
  3 endoplasms (D:1)
  A goblin (D:1)
  2 hobgoblins (D:1)
  3 quokkas
  A bat (D:2)
  A frilled lizard (D:1)
  3 rats (D:1)
23 creatures vanquished.

Notes
Turn   | Place    | Note
-------+----------+-------------------------------------------
     0 | D:1      | AarnesTheHuman the Formicid Hunter began the quest for the
                  | Orb.
     0 | D:1      | Reached XP level 1. HP: 16/16 MP: 1/1
    35 | D:1      | Reached XP level 2. HP: 15/23 MP: 2/2
   554 | D:1      | Reached XP level 3. HP: 28/28 MP: 3/3
   919 | D:2      | Found an ancient bone altar of Kikubaaqudgha.
   951 | D:2      | Reached XP level 4. HP: 35/35 MP: 4/4
   997 | D:2      | Noticed Terence
  1011 | D:2      | Slain by Terence

Illustrated notes

Levels and vault maps discovered:
D:1:      mainiacjoe_arrival_reflecting_pool, layout_loops_ring,
          chequers_mini_garden, minmay_misc_feat_diagonals,
          minmay_misc_feat_plants
D:2:      layout_basic, basic_altar, minmay_fountain_box, uniq_terence

Skill      XL: |  1  2  3 |
---------------+----------+-----
Fighting       | 3 |  3.4
Ranged Weapons | |  4.7
Dodging        | |  1.7
Stealth        | |  1.2

Action                   |  1- 3 |  4- 6 || total
-------------------------+-------+-------++-------
 Fire: Shortbow          |    44 |    15 ||    59
Throw: Dart              |       |     2 ||     2
 Abil: Dig               |     2 |     1 ||     3
Armor: Leather armour    |     3 |       ||     3
Dodge: Dodged            |    12 |     4 ||    16
